 Dungeon Crawl Stone Soup version 0.28-a0-957-g42eb19b844 (webtiles) character file.

Game seed: 3211125149248163839

46738 ytrimaz the Victor of a Thousand Battles (level 14, -11/79 HPs)
             Began as a Formicid Fighter on Nov 30, 2021.
             Was the Champion of Okawaru.
             Killed from afar by a green death (17 damage)
             ... with a bolt of poison
             ... on level 4 of the Abyss.
             The game lasted 00:30:06 (12556 turns).

ytrimaz the Victor of a Thousand Battles (FoFi)    Turns: 12556, Time: 00:30:07

Health: -11/79     AC: 26    Str: 27    XL:     14   Next: 78%
Magic:  19/19      EV:  8    Int:  4    God:    Okawaru [******]
Gold:   1072       SH:  6    Dex:  6    Spells: 13/13 levels left

rFire   + + +      SeeInvis +   Y - +14 obsidian axe {vorpal, Mesm Drain Fly SInv}
rCold   . . .      Faith    .   c - +0 buckler
rNeg    . . .      Spirit   .   A - +3 plate armour
rPois   .          Reflect  .   (helmet unavailable)
rElec   .          Harm     .   y - +0 cloak
rCorr   .          Rampage  .   i - +2 pair of gloves
Will    +++..                   b - +1 pair of boots
Stlth   ..........              N - amulet "Damnable Contraption" {rF++ Will+ Regen+ Int-3}
HPRegen 1.03/turn               g - ring of willpower
MPRegen 0.16/turn               p - ring of protection from fire

@: lethally poisoned (-11 -> -40), flying, mesmerised, studying Invocations,
unable to read
A: permanent stasis, dig shafts and tunnels, antennae 3, four strong arms,
[clumsy 2], [frail 3], [low mp 2], [screaming 2], [inability to read while
threatened]
a: Dig, Shaft Self, Renounce Religion, Heroism, Finesse, Duel


You were on level 4 of the Abyss.
You worshipped Okawaru.
Okawaru was exalted by your worship.
You visited 2 branches of the dungeon, and saw 15 of its levels.
You visited the Abyss 1 time.
You also visited: Ossuary and Bailey.

You collected 1072 gold pieces.

Inventory:

Hand Weapons
 a - a +1 war axe of freezing
 H - a +0 battleaxe
 O - the +11 flail "Jajyrgh" {elec, Dex+6}
   (You found it on level 12 of the Dungeon)

   It occasionally discharges a powerful burst of electricity upon striking a
   foe.
   Dex:       It affects your dexterity (+6).
 Y - the +14 obsidian axe (weapon) {vorpal, Mesm Drain Fly SInv}
   (Okawaru gifted it to you on level 14 of the Dungeon)

   It inflicts extra damage upon your enemies.
   It occasionally summons demons to assist the wielder when it strikes in
   combat.
   Its wielder is mesmerised by any visible foes.
   It cannot be unequipped while any foes are visible.
   SInv:      It lets you see invisible.
   Fly:       It grants you flight.
   Drain:     It drains your maximum health when unequipped.
Missiles
 d - 3 throwing nets
 D - 19 boomerangs (quivered)
Armour
 b - a +1 pair of boots (worn)
 c - a +0 buckler (worn)
 i - a +2 pair of gloves (worn)
 r - a +2 tower shield of protection
 y - a +0 cloak (worn)
 A - a +3 plate armour (worn)
 U - a +1 plate armour of positive energy
Jewellery
 g - a ring of willpower (left hand)
 k - a ring of wizardry
 p - a ring of protection from fire (right hand)
 q - an amulet of regeneration
 v - an amulet of the acrobat
 K - an amulet of magic regeneration
 L - a ring of ice
 N - the amulet "Damnable Contraption" (around neck) {rF++ Will+ Regen+ Int-3}
   (You found it on level 10 of the Dungeon)

   [amulet of regeneration]

   Int:       It affects your intelligence (-3).
   rF:        It greatly protects you from fire.
   Regen:     It increases your rate of health regeneration.
   Will:      It increases your willpower.
 R - a +4 ring of evasion
 T - a +6 ring of dexterity
Wands
 l - a wand of acid (11)
 n - a wand of iceblast (23)
 o - a wand of polymorph (16)
 z - a wand of mindburst (32)
 M - a wand of flame (64)
 P - a wand of digging (5)
 W - a wand of paralysis (11)
Scrolls
 h - a scroll of amnesia
 t - 3 scrolls of immolation
 u - 2 scrolls of fog
 I - a scroll of magic mapping
 Q - a scroll of vulnerability
 S - a scroll of enchant weapon
 X - a scroll of identify
Potions
 e - 5 potions of heal wounds
 f - 4 potions of lignification
 j - a potion of attraction {unknown}
 m - 10 potions of curing
 s - a potion of ambrosia {unknown}
 w - 2 potions of cancellation
 x - 4 potions of magic
 B - a potion of berserk rage {unknown}
 C - 5 potions of brilliance
 E - a potion of resistance {unknown}
 F - 2 potions of haste {unknown}
 G - 2 potions of mutation {unknown}
 J - a potion of flight {unknown}


   Skills:
 + Level 11.7 Fighting
 + Level 13.2(13.3) Axes
 - Level 2.6(9.0) Maces & Flails
 - Level 3.5 Throwing
 + Level 12.1 Armour
 * Level 12.1 Shields
 * Level 13.9 Invocations


You had 13 spell levels left.
You didn't know any spells.
Your spell library contained the following spells:

 Spells                   Type           Power      Damage    Failure   Level
 Apportation              Tloc           0%         N/A       99%         1
 Ensorcelled Hibernation  Hex/Ice        0%         N/A       100%        2
 Sublimation of Blood     Necr           0%         N/A       100%        2
 Wereblood                Tmut           0%         N/A       100%        2
 Petrify                  Tmut/Erth      0%         N/A       100%        4
 Irradiate                Conj/Tmut      0%         3d13      100%        5
 Animate Skeleton         Necr           Unusable   N/A       N/A         1
 Summon Small Mammal      Summ           Unusable   N/A       N/A         1
 Tukima's Dance           Hex            Unusable   N/A       N/A         3
 Summon Hydra             Summ           Unusable   N/A       N/A         7

Dungeon Overview and Level Annotations

Branches:
Dungeon (14/15)            Temple (1/1) D:4            Lair (0/6) D:8
    Orc (0/2) D:10         Vaults (0/5) D:13        Ossuary (visited)
 Bailey (visited)

Altars:
Ashenzari
Cheibriados
Dithmenos
Elyvilon
Fedhas
Gozag
Hepliaklqana
Kikubaaqudgha
Makhleb
Nemelex Xobeh
Okawaru
Qazlal
Ru
Sif Muna
Trog
Uskayaw
Vehumet
Wu Jian
Xom
Yredelemnul
Zin
The Shining One

Shops:
D:3 (   D:9 :   D:11 ?   D:14 :


Innate Abilities, Weirdness & Mutations

You cannot be hasted, slowed, berserked, paralysed or teleported.
You can dig through walls and to a lower floor.
You have a pair of large antennae on your head. (SInv)
Your four strong arms can wield two-handed weapons with a shield.
[You are very clumsy. (Dex -4)]
[You are extremely frail. (-30% HP)]
[Your magical capacity is very low. (-20% MP)]
[You frequently scream uncontrollably at your foes.]
[You sometimes lose the ability to read scrolls when taking damage.]


Message History

A green death comes into view.
You scream at the green death!
You hear a chilling moan.
Unknown command.
Visions of slaying the green death flood into your mind.
The green death gestures at you.
You cannot move away from the green death!
Unknown command.
You cannot move away from the green death!
Unknown command.
You cannot move away from the green death!
Unknown command.
Unknown command.
The green death gestures at you. The bolt of poison hits you!!
You are poisoned.
You feel threatened and lose the ability to read scrolls!
Found a potion of degeneration.
You feel very sick. The green death gestures at you.
The bolt of poison hits you!
You are more poisoned.
* * * LOW HITPOINT WARNING * * *
* * * LOW HITPOINT WARNING * * *
You feel extremely sick. The green death gestures at you.
The blast of poison engulfs you but does no damage.
You are more poisoned.
Unknown command.
Unknown command.
You feel better.
You are engulfed in poison gas.
You are poisoned.
* * * LOW HITPOINT WARNING * * *
x2 You feel very sick.
A quasit comes into view.
You scream at the quasit!
The green death gestures at you. The bolt of poison hits you!
You are more poisoned.
You die...

. . . # { ...
. ## #. ...# .
.# .. ##.. ..
. #. #.. {{{
..'.#####5####
. ..
#..)#..†.☼☼# .
.#
..###☼#†.☼#{
... ...
.#☼§☼#○# { .
#.. ...##.§@#
.....#..##
#.#○☼# {
......#...○# {
{ .... .
...##..2.# #.
..### .##...#
...# .. #.#...
..#. !##
#..#.# . ..
.#.#


You could see a green death (mesmerising) and a quasit.

Vanquished Creatures
  Rupert (D:13)
  An orc warlord (Bailey)
  Fannar (D:10)
  Harold (D:7)
  A boulder beetle (D:14)
  2 hydras (D:12)
  Erica (D:8)
  6 centaur warriors
  A two-headed ogre (D:8)
  Urug (D:13)
  4 skeletal warriors
  A wretched star (Abyss:4)
  A glowing orange brain (Abyss:4)
  A wizard (D:14)
  An orc knight (Bailey)
  A deep elf pyromancer (D:14)
  Pikel (D:8)
  2 ugly things
  4 manticores
  2 unseen horrors
  A kobold demonologist (D:9)
  2 komodo dragons
  Maggie (D:7)
  A troll (D:14)
  Prince Ribbit (D:7)
  3 raiju (Abyss:4)
  A wraith (D:12)
  3 yaks (D:10)
  16 humans (D:13)
  3 basilisks
  2 vampires
  3 wyverns
  A water elemental (D:13)
  A steam dragon (D:9)
  4 vampire mosquitoes (D:14)
  3 acid dragons
  A water moccasin (D:7)
  A black bear (D:8)
  2 ogres
  11 orc warriors
  A necrophage (D:6)
  A sky beast (D:5)
  10 centaurs
  A phantom (D:7)
  A kobold brigand (D:11)
  Blork the orc (D:6)
  4 bullfrogs
  A wyvern zombie (D:6)
  2 gnoll sergeants
  4 scorpions
  5 killer bees (D:11)
  3 jellies (D:5)
  An electric eel (D:13)
  A howler monkey (D:9)
  5 centaur zombies
  5 hounds
  Crazy Yiuf (D:6)
  3 orc priests
  A bullfrog skeleton (D:6)
  A gnoll shaman (D:8)
  14 orc wizards
  A hound skeleton (D:4)
  A howler monkey zombie (D:9)
  6 mummies (Ossuary)
  A howler monkey skeleton (D:7)
  13 gnolls
  4 adders
  A shadow imp (D:7)
  3 worms
  3 dart slugs
  47 orcs
  3 bats
  7 endoplasms
  2 giant cockroaches
  15 goblins
  6 hobgoblins
  4 jackals (D:1)
  24 kobolds
  5 quokkas
  3 ball pythons
  3 frilled lizards
  3 hobgoblin zombies (Ossuary)
  4 rats
320 creatures vanquished.

Vanquished Creatures (others)
  2 orcs (D:7)
  7 plants (D:8)
9 creatures vanquished.

Grand Total: 329 creatures vanquished

Notes
Turn   | Place    | Note
-------+----------+-------------------------------------------
     0 | D:1      | ytrimaz the Formicid Fighter began the quest for the Orb.
     0 | D:1      | Reached XP level 1. HP: 18/18 MP: 1/1
   152 | D:1      | Found a faded altar of an unknown god.
   214 | D:1      | Reached XP level 2. HP: 24/24 MP: 2/2
   855 | D:2      | Reached XP level 3. HP: 24/30 MP: 3/3
  1255 | D:2      | Reached XP level 4. HP: 25/37 MP: 4/4
  1604 | D:3      | You fall into a shaft and drop 1 floor!
  1945 | D:3      | Noticed a bullfrog
  1955 | D:3      | Killed a bullfrog
  1956 | D:3      | Reached XP level 5. HP: 37/43 MP: 5/5
  2497 | D:3      | Found Egidowaq's Weapon Shop.
  2721 | D:4      | Reached XP level 6. HP: 49/49 MP: 6/6
  2891 | D:4      | Found a staircase to the Ecumenical Temple.
  2901 | D:4      | Reached skill level 5 in Armour
  2904 | Temple   | Entered the Ecumenical Temple
  2991 | Temple   | Became a worshipper of Warmaster Okawaru
  3358 | D:5      | Entered Level 5 of the Dungeon
  3490 | D:5      | Reached XP level 7. HP: 42/55 MP: 7/7
  3643 | D:5      | Reached skill level 5 in Fighting
  3646 | D:5      | Found a sand-covered staircase.
  3664 | Ossuary  | Entered an ossuary
  3671 | Ossuary  | Reached * piety under Okawaru
  3705 | Ossuary  | Reached skill level 5 in Axes
  3925 | D:5      | Reached skill level 1 in Invocations
  4005 | D:5      | Reached XP level 8. HP: 63/63 MP: 9/9
  4468 | D:6      | Reached ** piety under Okawaru
  4486 | D:6      | Found an opulent altar of Gozag.
  4525 | D:6      | Noticed Blork the orc
  4532 | D:6      | Killed Blork the orc
  4774 | D:6      | Reached XP level 9. HP: 71/71 MP: 11/11
  5071 | D:6      | Found a runed translucent door.
  5072 | D:6      | Noticed Crazy Yiuf
  5358 | D:6      | Killed Crazy Yiuf
  5431 | D:6      | Identified a scroll of acquirement
  5431 | D:6      | Acquired a manual of Invocations
  5447 | D:7      | Noticed Maggie
  5469 | D:7      | Killed Maggie
  5691 | D:7      | Noticed Harold
  5703 | D:7      | Killed Harold
  5703 | D:7      | Reached *** piety under Okawaru
  5704 | D:7      | Reached skill level 5 in Invocations
  5936 | D:7      | Reached XP level 10. HP: 60/80 MP: 14/14
  6166 | D:7      | Noticed Prince Ribbit
  6178 | D:7      | Killed Prince Ribbit
  6290 | D:7      | Reached **** piety under Okawaru
  6545 | D:8      | Noticed Erica
  6553 | D:8      | Noticed Pikel
  6559 | D:8      | Killed Erica
  6568 | D:8      | Killed Pikel
  6808 | D:8      | Noticed a manticore
  6816 | D:8      | Killed a manticore
  6816 | D:8      | Reached ***** piety under Okawaru
  6850 | D:8      | Noticed a two-headed ogre
  6862 | D:8      | Killed a two-headed ogre
  6863 | D:8      | Reached XP level 11. HP: 70/89 MP: 17/17
  7072 | D:8      | Found a staircase to the Lair.
  7315 | D:9      | Reached skill level 10 in Armour
  7480 | D:9      | Reached skill level 10 in Axes
  7506 | D:9      | Found Jes Uki's Self-Improvement Boutique.
  7576 | D:9      | Reached skill level 1 in Throwing
  7929 | D:10     | Entered Level 10 of the Dungeon
  7963 | D:10     | Found a flagged portal.
  7978 | Bailey   | Entered a bailey
  7983 | Bailey   | Noticed an orc warlord
  8020 | Bailey   | Noticed an orc knight
  8051 | Bailey   | Killed an orc knight
  8051 | Bailey   | Received a gift from Okawaru
  8096 | Bailey   | Found a runed translucent gate.
  8098 | Bailey   | Found a runed translucent gate.
  8100 | Bailey   | Found a runed translucent gate.
  8217 | Bailey   | Killed an orc warlord
  8232 | Bailey   | Identified the +1 plate armour "Kilyvysch" {Str+3 Dex+4}
  8256 | D:10     | Acquired a +2 tower shield of protection
  8272 | D:10     | Found a bloodstained altar of Trog.
  8278 | D:10     | Found a blossoming altar of Fedhas.
  8373 | D:10     | Found a staircase to the Orcish Mines.
  8463 | D:10     | Reached skill level 10 in Fighting
  8707 | D:10     | Noticed Fannar
  8737 | D:10     | Killed Fannar
  8738 | D:10     | Reached skill level 10 in Invocations
  9058 | D:10     | Found an ornate altar of the Wu Jian Council.
  9060 | D:10     | Identified the amulet "Damnable Contraption" {rF++ Will+
                  | Regen+ Int-3}
  9237 | D:10     | Reached XP level 12. HP: 97/97 MP: 19/19
  9364 | D:11     | Found Ivikysche's Magic Scroll Emporium.
  9746 | D:11     | Received a gift from Okawaru
 10039 | D:12     | Noticed a seven-headed hydra
 10181 | D:12     | Reached skill level 5 in Shields
 10191 | D:12     | Identified the +11 flail "Jajyrgh" {elec, Dex+6}
 10359 | D:12     | Noticed a five-headed hydra
 10364 | D:12     | Killed a five-headed hydra
 10624 | D:12     | Killed a seven-headed hydra
 10624 | D:12     | Reached ****** piety under Okawaru
 10625 | D:12     | Reached skill level 1 in Maces & Flails
 10807 | D:13     | Noticed a centaur warrior
 10819 | D:13     | Killed a centaur warrior
 10949 | D:13     | Noticed Rupert
 10962 | D:13     | Noticed a centaur warrior
 10964 | D:13     | Noticed Urug
 10976 | D:13     | Noticed a centaur warrior
 10977 | D:13     | Killed Rupert
 10977 | D:13     | Received a gift from Okawaru
 11002 | D:13     | Killed a centaur warrior
 11003 | D:13     | Reached XP level 13. HP: 89/105 MP: 17/22
 11010 | D:13     | Killed Urug
 11011 | D:13     | Found a gate to the Vaults.
 11020 | D:13     | Killed a centaur warrior
 11291 | D:13     | Noticed a centaur warrior
 11307 | D:13     | Killed a centaur warrior
 11543 | D:13     | Reached XP level 14. HP: 113/113 MP: 23/23
 11706 | D:13     | Identified the +2 mace "Dragon's Tongue" {drain, Fly rCorr
                  | Int-4 Dex+6}
 11903 | D:14     | Found Vomeg's Book Boutique.
 12399 | D:14     | Received a gift from Okawaru
 12399 | D:14     | Found the +14 obsidian axe {vorpal, Mesm Drain Fly SInv}
 12465 | D:13     | Cast into level 3 of the Abyss (unwielding a weapon of
                  | distortion)
 12465 | Abyss:3  | Found a corrupted altar of Lugonu.
 12486 | Abyss:3  | Noticed a revenant
 12555 | Abyss:4  | HP: 3/79 [poisoned by a green death (bolt of poison)]
 12556 | Abyss:4  | Killed from afar by a green death

Illustrated notes

Levels and vault maps discovered:
D:1:      shiori_arrival_oz, layout_loops_ring, chequers_ecumenical_altar_island
D:2:      layout_basic, grunt_ministairs_8, minmay_tree_intersection
D:3:      layout_basic, serial_shops, nicolae_shop_bloodbath_and_beyond,
          grunt_ministairs_13
D:4:      layout_rooms, minmay_temple_entry_nine_rooms, hangedman_decor_points
D:5:      nicolae_cairo_tiling_large, layout_loops_cross,
          nicolae_ossuary_entry_ruins, st_stairs_8
D:6:      layout_basic, mainiacjoe_overflow_24_doors, uniq_blork_the_orc,
          uniq_crazy_yiuf_cottage
D:7:      layout_loops_corners, uniq_prince_ribbit1, uniq_harold, uniq_maggie
D:8:      layout_rooms, david_lair_shrubbed, chequers_serial_rivers_micro_b,
          uniq_pikel, uniq_erica
D:9:      layout_roguey, nicolae_shop_self_help
D:10:     layout_stronghold, nicolae_wu_jian_wuxing_cycle, jmf_multi_god_temple,
          enter_bailey_3, uniq_fannar
D:11:     layout_loops_ring, nicolae_stop_n_shop_1
D:12:     layout_irregular_city
D:13:     layout_loops_corners, david_vaults_3, minmay_door_square,
          nrook_pool_corridor
D:14:     layout_basic, serial_shops, nicolae_shop_crystal,
          nicolae_shop_window_shopping, nicolae_shop_hallway_plus,
          nicolae_stop_n_shop_2, minmay_fractal_squares_diagonal_5
Temple:   compressed_dpeg_circular_temple
Abyss:4:  base: D:3, nicolae_abyss_rune_left_handed,
          hangedman_abyss_or_decor_stagger

Skill      XL: |  1  2  3  4  5  6  7  8  9 10 11 12 13 14 |
---------------+-------------------------------------------+-----
Armour         | 4 5 6 7 8 9 10 11 12 | 12.1
Fighting       | 4 5 6 7 9 10 11 | 11.7
Axes           | 3 4 5 6 8 9 10 11 12 13 | 13.2
Invocations    | 1 3 6 8 10 12 13 | 13.9
Throwing       | 3 |  3.5
Shields        | 6 11 12 | 12.1
Maces & Flails | 2 |  2.6

Action                   |  1- 3 |  4- 6 |  7- 9 | 10-12 | 13-15 || total
-------------------------+-------+-------+-------+-------+-------++-------
Melee: War axe           |    70 |   119 |   201 |   556 |   197 ||  1143
       Flail             |       |       |       |    24 |       ||    24
       Battleaxe         |       |       |       |       |    21 ||    21
       Broad axe         |       |       |       |       |    20 ||    20
Throw: Boomerang         |       |       |       |    39 |     7 ||    46
       Throwing net      |       |       |       |     2 |     2 ||     4
Invok: Heroism           |       |       |     3 |     7 |     5 ||    15
       Finesse           |       |       |       |     2 |     1 ||     3
  Use: Scroll            |     1 |     6 |     8 |    11 |       ||    26
       Potion            |       |       |     1 |     1 |     2 ||     4
 Stab: Invisible         |       |       |       |     4 |       ||     4
       Held in net/web   |       |       |       |     4 |       ||     4
Armor: Scale mail        |    41 |    63 |    56 |       |       ||   160
       Plate armour      |       |       |    39 |   407 |   153 ||   599
Dodge: Dodged            |    36 |    80 |    96 |   202 |    95 ||   509
Block: Buckler           |    18 |    32 |    57 |   112 |    77 ||   296
       Tower shield      |       |       |       |    89 |       ||    89

Table legend: (Time is in decaauts)
 A = Elapsed time spent in this place.
 B = Non-inter-level travel time spent in this place.
 C = Inter-level travel time spent in this place.
 D = Time resting spent in this place.
 E = Time spent auto-exploring this place.
 F = Levels seen in this place.
 G = Mean time per level.
                   A        B        C        D        E       F      G
               +--------+--------+--------+--------+--------+-----+--------+
         Total |  12566 |  12153 |    413 |    741 |   8391 |  19 |  661.4 |
       Dungeon |  11985 |  11580 |    405 |    717 |   8256 |  14 |  856.1 |
        Temple |     96 |     88 |      8 |      0 |     54 |   1 |   96.0 |
         Abyss |     86 |     86 |      0 |     24 |      1 |   2 |   43.0 |
       Ossuary |    132 |    132 |      0 |      0 |     54 |   1 |  132.0 |
        Bailey |    265 |    265 |      0 |      0 |     26 |   1 |  265.0 |
               +--------+--------+--------+--------+--------+-----+--------+

Top non-repeatable levels by time:
    D:10: 1156 daAuts
     D:7: 1152 daAuts
     D:3: 1126 daAuts
    D:13: 1112 daAuts
     D:6: 1000 daAuts
     D:5: 983 daAuts
     D:1: 868 daAuts
     D:2: 772 daAuts
    D:11: 743 daAuts
     D:9: 713 daAuts
    D:12: 700 daAuts
     D:8: 621 daAuts
     D:4: 562 daAuts
    D:14: 469 daAuts
  Bailey: 265 daAuts
